 Dungeon Crawl Stone Soup version 0.24.1-14-gf8d2b509d9 (webtiles) character file.

Game seed: 14962117248686089291, levelgen mode: deterministic

130 Gildeon the Conjurer (level 4, -5/24 HPs)
             Began as a Deep Elf Conjurer on May 24, 2020.
             Was an Initiate of Nemelex Xobeh.
             Slain by a gnoll
             ... wielding a +0 spear
              (6 damage)
             ... on level 3 of the Dungeon on May 25, 2020.
             The game lasted 00:20:18 (2686 turns).

Gildeon the Conjurer (Deep Elf Conjurer)            Turns: 2686, Time: 00:20:18

Health: -5/24      AC:  3    Str:  8    XL:     4   Next: 89%
Magic:  2/12       EV: 14    Int: 21    God:    Nemelex Xobeh [......]
Gold:   62         SH:  0    Dex: 15    Spells: 1/11 levels left

rFire    . . .     SeeInvis +   n - +1 dagger
rCold    . . .     Gourm    .   (no shield)
rNeg     . . .     Faith    .   a - +1 robe
rPois    .         Spirit   .   (no helmet)
rElec    .         Reflect  .   (no cloak)
rCorr    .         Harm     .   (no gloves)
MR       .....                  (no boots)
Stlth    +++.......             (no amulet)
HPRegen  0.08/turn              l - +3 ring of strength
MPRegen  0.13/turn              g - ring of see invisible

@: no status effects
A: no striking features
a: Draw Escape, Draw Destruction, Draw Summoning, Renounce Religion


You were on level 3 of the Dungeon.
You worshipped Nemelex Xobeh.
Nemelex Xobeh was noncommittal.
You were not hungry.

You visited 1 branch of the dungeon, and saw 3 of its levels.

You collected 62 gold pieces.

Inventory:

Hand Weapons
 n - a +1 dagger (weapon)
 p - a +0 hunting sling
Missiles
 h - 8 atropa-tipped darts (quivered)
 j - 68 stones
Armour
 a - a +1 robe (worn)
 b - a +0 buckler
Jewellery
 g - a ring of see invisible (right hand)
 l - a +3 ring of strength (left hand)
Scrolls
 f - a scroll of remove curse
Potions
 d - a potion of resistance {unknown}
 e - 3 potions of heal wounds
 m - a potion of berserk rage {unknown}
Comestibles
 c - 6 rations
 i - 2 chunks of flesh


   Skills:
 + Level 3.7 Dodging
 + Level 4.0 Stealth
 + Level 4.3 Spellcasting
 - Level 5.0 Conjurations


You had one spell level left.
You knew the following spells:

 Your Spells              Type           Power        Failure   Level  Hunger
a - Magic Dart            Conj           ####         1%          1    None
b - Searing Ray           Conj           ####..       2%          2    #......
c - Dazzling Spray        Conj/Hex       ###...       12%         3    ##.....
d - Iskenderun's Mystic   Conj           ####....     14%         4    ####...

Your spell library contained the following spells:

 Spells                   Type           Power        Failure   Level  Hunger
 Force Lance              Conj/Tloc      ###.....     38%         4    ####...
 Fulminant Prism          Conj/Hex       ###.......   38%         4    ####...


Dungeon Overview and Level Annotations

Branches:
Dungeon (3/15)

Altars:
Cheibriados
Hepliaklqana
Nemelex Xobeh
Qazlal
Ru
Trog
Wu Jian


Message History

The magic dart hits Jessica.
Jessica is severely wounded.
Jessica misses you.
The gnoll hits you from afar with a +0 spear!
* * * LOW HITPOINT WARNING * * *
Casting: Magic Dart (safe; 1% risk of failure)
Confirm with . or Enter, or press ? or * to list all spells.
Aiming: Magic Dart (safe; 1% risk of failure)
Press: ? - help, Shift-Dir - straight line, f/p - Jessica
Aim: Jessica, wielding a -3 dagger and wearing a +1 robe of cold resistance (severely wounded)
The magic dart hits Jessica.
You kill Jessica!
Your Stealth skill increases to level 4!
The gnoll hits you but does no damage.
The gnoll hits you from afar with a +0 spear!
* * * LOW HITPOINT WARNING * * *
There is a stone staircase leading up, spattered with blood here.
The gnoll hits you from afar with a +0 spear.
You die...
Your body disappears without a glow.

.._.....รท...# ....#######.#
._..# #.#### ....# #.##.## .#..#
#.#...## ### ## ##+## #......##
#.. #.# #...## ##.......## #.#
#.# ....>## #.........# #.###.#
<.....## ##.....@.## #.##.####
.......####......######.......##.
.......'.........g.o.K.........'.
.......####......o..###g......#
......## ##.#.####.# ####..###
.....## #.#. #.# ##.# #...## # #.
#.# #.# ##'## #. #.# #)# #.# ##
#.# #o#


You could see a gnoll and an orc.

Vanquished Creatures
  Jessica (D:3)
  A gnoll (D:3)
  3 adders
  An ooze (D:2)
  2 worms
  3 dart slugs
  A leopard gecko (D:1)
  7 bats
  3 giant cockroaches
  A goblin (D:3)
  3 hobgoblins
  8 jackals
  3 kobolds
  5 frilled lizards
  13 rats
55 creatures vanquished.

Notes
Turn   | Place    | Note
-------+----------+-------------------------------------------
     0 | D:1      | Gildeon the Deep Elf Conjurer began the quest for the Orb.
     0 | D:1      | Reached XP level 1. HP: 10/10 MP: 6/6
   194 | D:1      | Reached XP level 2. HP: 15/15 MP: 2/8
   338 | D:1      | Learned a level 2 spell: Searing Ray
   957 | D:2      | Reached XP level 3. HP: 19/19 MP: 3/10
   962 | D:2      | Learned a level 3 spell: Dazzling Spray
  1389 | D:2      | Found a snail-covered altar of Cheibriados.
  2008 | D:3      | Found an ornate altar of the Wu Jian Council.
  2163 | D:3      | Found a stormy altar of Qazlal.
  2163 | D:3      | Found a sacrificial altar of Ru.
  2163 | D:3      | Found a snail-covered altar of Cheibriados.
  2165 | D:3      | Found a hazy altar of Hepliaklqana.
  2165 | D:3      | Found a bloodstained altar of Trog.
  2166 | D:3      | Found a sparkling altar of Nemelex Xobeh.
  2174 | D:3      | Became a worshipper of Nemelex Xobeh the Trickster
  2180 | D:3      | Reached XP level 4. HP: 24/24 MP: 9/11
  2190 | D:3      | Learned a level 4 spell: Iskenderun's Mystic Blast
  2196 | D:3      | Received a gift from Nemelex Xobeh
  2608 | D:3      | Noticed a gnoll sergeant
  2617 | D:3      | Noticed Jessica
  2631 | D:3      | Noticed a phantom
  2656 | D:3      | Reached skill level 5 in Conjurations
  2671 | D:3      | Killed Jessica
  2685 | D:3      | HP: 1/24 [gnoll/+0 spear (7)]
  2686 | D:3      | Slain by a gnoll

Levels and vault maps discovered:
D:1:      saegor_arrival_miasma, layout_basic, minmay_distorted
D:2:      layout_basic, minmay_misc_feat_five, serial_park_tiny_1,
          kennysheep_slug_shrine
D:3:      layout_loops_corners, grunt_temple_overflow_open,
          minmay_fractal_squares_diagonal_5, uniq_jessica

Skill      XL: |  1  2  3  4 |
---------------+-------------+-----
Stealth        | 3 4 |  4.0
Dodging        | 3 |  3.7
Spellcasting   | 4 |  4.3
Conjurations   | 5 |  5.0

Action                   |  1- 3 |  4- 6 || total
-------------------------+-------+-------++-------
Melee: Spear             |    10 |       ||    10
       Dagger            |     6 |     4 ||    10
 Cast: Magic Dart        |    68 |    33 ||   101
  Use: Scroll            |     7 |       ||     7
 Stab: Sleeping          |     5 |     1 ||     6
  Eat: Chunk             |     4 |     1 ||     5
Armor: Robe              |     2 |     6 ||     8
Dodge: Dodged            |    17 |    31 ||    48
